Map: Port Aleksander LE

Players

Harstem - Winner!

  • Race: Protoss Protoss
  • Spawn Location: 5:00

InZaNe

  • Race: Terran Terran
  • Spawn Location: 11:00

Event: 2019 WCS Spring

VOD

Have the link to the VOD?

Description

Time

  • Played on: May 17, 2019, 7:31 a.m.
  • Length: 10:18

All games in this series

Show
View Real Time Build Order
Export as new Build Order

Harstem Protoss - Winner!

Build Orders: 1 Gate Expand, Double Forge, Zealot Archon, Dark Templar Rush 

Get SALT Encoding   

  12  0:00  Probe  
  13  0:13  Probe  
  14  0:24  Pylon  
  14  0:25  Probe  
  15  0:39  Probe  
  16  0:43  Gateway  
  16  0:47  Probe  
  16  0:49  Assimilator  
  16  0:56  Probe  
  18  1:08  Probe  
  19  1:20  Probe  
  20  1:27  Nexus  
  20  1:37  Cybernetics Core  
  20  1:41  Probe  
  20  1:46  Assimilator  
  21  1:53  Probe  
  22  1:55  Pylon  
  22  2:03  Adept  
  22  2:05  Probe  
  23  2:15  Warp Gate  
  25  2:17  Probe  
  26  2:24  Gateway  
  26  2:29  Probe  
  27  2:35  Twilight Council  
  27  2:36  Stalker, Probe  
  29  2:39  Probe  
  31  2:44  Probe  
  31  2:48  Probe  
  32  2:54  Probe  
  34  3:00  Probe  
  34  3:03  Robotics Facility  
  35  3:06  Probe  
  35  3:12  Probe  
  37  3:15  Probe  
  38  3:20  Dark Shrine  
  38  3:23  Probe  
  38  3:24  Probe  
  39  3:32  Probe  
  40  3:34  Gateway x2  
  40  3:40  Warp Prism  
  42  3:41  Probe  
  42  3:45  Probe  
  42  3:46  Pylon  
  43  3:53  Probe  
  46  3:56  Pylon  
  46  3:59  Assimilator  
  46  4:04  Probe  
  46  4:05  Probe  
  46  4:08  Stalker  
  46  4:09  Observer  
  48  4:16  Probe  
  50  4:36  Nexus  
  50  4:42  Dark Templar  
  50  4:43  Dark Templar  
  50  4:45  Dark Templar  
  56  4:54  Probe x2  
  56  4:56  Forge  
  56  4:58  Forge  
  56  4:59  Charge  
  58  5:00  Pylon  
  56  5:12  Probe  
  56  5:13  Probe  
  58  5:17  Immortal  
  62  5:22  Gateway  
  62  5:24  Probe, Gateway  
  62  5:26  Gateway  
  63  5:29  Probe  
  64  5:39  Probe  
  64  5:42  Probe  
  66  5:43  Zealot, Sentry  
  66  5:47  Pylon  
  66  5:49  Immortal  
  70  5:50  Protoss Ground Armor Level 1  
  70  5:54  Protoss Ground Weapons Level 1, Pylon  
  70  5:55  Probe  
  71  5:58  Zealot  
  71  6:02  Archon  
  77  6:05  Zealot  
  77  6:06  Zealot  
  77  6:08  Probe  
  77  6:10  Probe  
  83  6:11  Probe  
  83  6:16  Sentry  
  86  6:18  Shield Battery  
  86  6:20  Zealot x3  
  92  6:28  Pylon  
  92  6:29  Immortal  
  92  6:34  Zealot  
  92  6:35  Zealot  
  92  6:37  Pylon  
  100  6:40  Pylon  
  100  6:44  Blink  
  100  6:46  Zealot  
  102  6:48  Zealot  
  102  6:51  Probe, Pylon  
  105  6:56  Zealot x2  
  109  7:02  Zealot x2  
  112  7:11  Zealot x2  
  116  7:20  Zealot x2  
  118  7:28  Zealot x2  
  104  7:34  Stalker x2  
  104  7:36  Observer, Probe  
  104  7:37  Probe  
  105  7:39  Robotics Bay  
  105  7:41  Sentry  
  99  7:45  Zealot  
  99  7:46  Probe  
  99  7:48  Probe  
  99  7:49  Probe  
  99  7:50  Gateway x2  
  100  7:51  Assimilator  
  100  7:56  Assimilator  
  100  8:00  Zealot x4  
  100  8:02  Probe  
  100  8:03  Probe  
  100  8:05  Probe  
  111  8:06  Photon Cannon  
  111  8:16  Zealot  
  111  8:17  Zealot  
  115  8:23  Stalker x2, Pylon  
  115  8:26  Zealot  
  121  8:27  Disruptor  
  121  8:33  Photon Cannon, Pylon  
  124  8:42  Stalker  
  124  8:46  Stalker x2  
  124  8:47  Probe  
  131  8:51  Pylon  
  131  8:54  Disruptor  
  129  9:04  Stalker x2  
  129  9:06  Zealot  
  129  9:07  Zealot x2, Pylon  
  140  9:29  Zealot x6  
  140  9:30  Zealot x2  
  131  9:36  Probe  
  105  9:42  Probe  
  98  9:51  Stalker x3  
  90  10:06  Stalker x3  
  88  10:11  Dark Templar  
  83  10:15  Zealot x2  
Show
View Real Time Build Order
Export as new Build Order

InZaNe Terran 

Build Orders: Reaper Expand 

Get SALT Encoding   

  12  0:00  SCV  
  13  0:12  SCV  
  14  0:18  Supply Depot  
  14  0:25  SCV  
  15  0:39  SCV  
  15  0:40  Barracks  
  16  0:45  Refinery  
  16  0:51  SCV  
  17  1:03  SCV  
  18  1:16  SCV  
  19  1:27  Reaper  
  19  1:28  Orbital Command  
  20  1:43  Command Center  
  20  1:55  SCV, Supply Depot  
  20  1:59  Marine  
  22  2:11  Factory  
  22  2:12  SCV  
  23  2:15  Refinery  
  23  2:22  Barracks Reactor  
  23  2:24  SCV  
  24  2:36  SCV  
  25  2:48  SCV  
  26  2:51  Barracks  
  26  2:54  Starport  
  26  2:55  Factory Tech Lab  
  26  2:58  Orbital Command  
  26  3:00  SCV  
  26  3:03  Marine  
  28  3:07  Marine  
  28  3:12  SCV  
  30  3:18  Cyclone  
  33  3:22  Marine  
  33  3:25  SCV  
  33  3:26  SCV  
  36  3:29  Marine  
  37  3:37  SCV  
  37  3:38  SCV, Barracks Tech Lab  
  38  3:44  Marine  
  38  3:47  Supply Depot  
  39  3:49  SCV  
  39  3:50  SCV  
  41  3:57  Marine  
  41  3:58  Refinery, Stimpack, Marine  
  41  4:01  SCV  
  41  4:02  Marine  
  45  4:04  SCV  
  45  4:07  Supply Depot  
  46  4:13  Raven  
  46  4:14  SCV  
  49  4:17  SCV  
  49  4:21  Supply Depot  
  49  4:22  Engineering Bay  
  50  4:26  SCV, Marine  
  50  4:27  Marine  
  50  4:29  SCV, Marine  
  55  4:36  Factory Tech Lab  
  55  4:38  Barracks  
  55  4:40  SCV  
  55  4:41  SCV  
  57  4:46  Factory Reactor  
  57  4:52  Terran Infantry Weapons Level 1, SCV  
  57  4:55  Missile Turret  
  57  4:58  SCV  
  58  5:03  Refinery  
  58  5:04  SCV  
  58  5:05  Starport Reactor  
  56  5:17  SCV x2  
  56  5:18  Marine x3  
  61  5:24  Widow Mine x2  
  65  5:31  Supply Depot  
  65  5:34  Marauder  
  66  5:39  SCV x2  
  66  5:42  Marauder, Marine x2  
  70  5:53  Widow Mine x2  
  70  5:55  Supply Depot  
  76  5:58  Combat Shield  
  76  5:59  Concussive Shells  
  76  6:02  Marine  
  76  6:03  Marine  
  76  6:04  Marauder  
  76  6:07  Marauder  
  80  6:13  Medivac  
  80  6:14  Medivac  
  84  6:20  Supply Depot  
  84  6:22  Missile Turret  
  84  6:25  Widow Mine  
  86  6:27  Widow Mine  
  86  6:30  Marauder  
  89  6:34  SCV  
  93  6:40  Marauder  
  93  6:41  Marine x2  
  93  6:46  Medivac x2  
  98  6:49  Widow Mine  
  100  6:57  SCV  
  100  6:58  Supply Depot  
  100  6:59  Marauder, Marine x2  
  105  7:02  Widow Mine  
  104  7:09  Marauder  
  105  7:20  Marauder  
  103  7:29  Liberator, Marine x2  
  94  7:30  Marauder  
  94  7:33  Widow Mine  
  94  7:35  Liberator  
  97  7:42  Marauder  
  93  7:46  Widow Mine  
  96  7:54  Marauder, Marine x2  
  103  8:01  Supply Depot  
  103  8:02  Widow Mine  
  103  8:05  Supply Depot  
  105  8:07  Marauder  
  105  8:10  Widow Mine  
  105  8:12  Supply Depot  
  109  8:13  Marine x2  
  113  8:20  Marauder  
  113  8:21  Liberator x2  
  113  8:28  Marauder  
  113  8:30  Widow Mine  
  117  8:36  Marine x2  
  117  8:37  Widow Mine  
  127  8:50  Marauder x2  
  127  8:53  Widow Mine  
  133  9:03  Marine x2  
  133  9:09  Supply Depot  
  57  9:49  Marine x2  
Tags
 
Add a new tag
Caveats
  • Supply blocks, unpowered buildings, or Contaminate may cause inaccurate times.
  • Supply counts are checked every 10 seconds.